 Dungeon Crawl Stone Soup version 0.21.1-1-g345015f (webtiles) character file.

80 inc the Chiller (level 4, -3/27 HPs)
             Began as an Octopode Ice Elementalist on Mar 16, 2018.
             Slain by a centaur (6 damage)
             ... on level 3 of the Dungeon.
             The game lasted 00:02:39 (1679 turns).

inc the Chiller (Octopode Ice Elementalist)         Turns: 1679, Time: 00:02:40

Health: -3/27      AC:  1    Str:  7    XL:     4   Next: 39%
Magic:  0/7        EV: 13    Int: 18    God:
Gold:   90         SH:  0    Dex: 12    Spells: 6/7 levels left

rFire    . . .     SeeInvis .   (no weapon)
rCold    . . .     Gourm    .   (no shield)
rNeg     . . .     Faith    .   (helmet restricted)
rPois    .         Spirit   .   (no amulet)
rElec    .         Reflect  .   (no ring)
rCorr    .         Harm     .   (no ring)
MR       .....                  (no ring)
Stlth    +++.......             (no ring)
HPRegen  0.09/turn              (no ring)
MPRegen  0.10/turn              (no ring)
                                (no ring)
                                (no ring)

@: no status effects
A: almost no armour, stealthy swim, amphibious, 8 rings, constrict 8, camouflage
1, gelatinous body 1
a: no special abilities


You were on level 3 of the Dungeon.
You were not hungry.

You visited 1 branch of the dungeon, and saw 3 of its levels.

You collected 90 gold pieces.

Inventory:

Scrolls
 d - a scroll of immolation {unknown}
 e - 3 scrolls of remove curse {unknown}
 f - 2 scrolls of identify {unknown}
 g - a scroll of blinking {unknown}
 i - a scroll of random uselessness {unknown}
 k - a scroll of enchant armour {unknown}
 l - 2 scrolls of teleportation {unknown}
Potions
 c - a potion of haste {unknown}
 h - a potion of curing
 j - 2 potions of degeneration {unknown}
Books
 a - a book of Frost

   Spells                             Type                      Level
   a - Freeze                         Ice                          1
   b - Throw Frost                    Conjuration/Ice              2
   c - Ozocubu's Armour               Charms/Ice                   3
   d - Throw Icicle                   Conjuration/Ice              4
   e - Summon Ice Beast               Ice/Summoning                4
Comestibles
 b - 4 rations


   Skills:
 - Level 2.0 Dodging
 - Level 2.6 Stealth
 - Level 2.0 Spellcasting
   Level 1.0 Conjurations
 + Level 5.1 Ice Magic


You had 6 spell levels left.
You knew the following spells:

 Your Spells              Type           Power        Failure   Level  Hunger
a - Freeze                Ice            ###.         2%          1    #......


Dungeon Overview and Level Annotations

Branches:
Dungeon (3/15)

Altars:
Cheibriados
Fedhas
Trog

Annotations:
D:2 1 runed door, Robin


Innate Abilities, Weirdness & Mutations

You cannot wear most types of armour.
You are very stealthy in the water. (Stealth+)
You are amphibious.
You can wear up to eight rings at the same time.
You can use your tentacles to constrict eight enemies at once.
Your skin changes colour to match your surroundings (Stealth+).
Your rubbery body absorbs attacks. (AC +1, EV +1)


Message History

The centaur closely misses you. The centaur barely misses you.
It was a potion of curing.
You feel better. The centaur barely misses you.
You barely miss the centaur.
The centaur is severely wounded.
The centaur barely misses you. The centaur closely misses you.
You tentacle-slap the centaur but do no damage.
The centaur is severely wounded.
The centaur hits you!
* * * LOW HITPOINT WARNING * * *
Casting: Freeze
Confirm with . or Enter, or press ? or * to list all spells.
Aiming: Freeze
Press: ? - help, Shift-Dir - straight line, f/p - centaur
Aim: a centaur (severely wounded)
You freeze the centaur.
The centaur is almost dead.
The centaur hits you.
* * * LOW HITPOINT WARNING * * *
The centaur hits you.
You die...

)..........##.##.#######.#
##...#.......#.#..).....>.#
<............#.#.#######..#
.#...#.....#####(.....#
.##.###..(.# #.####.#
.##.###....# #.#
.##..†..#.## ##.##
....##..#..####.(.###...
.##.##..#.......@......#
.##.##..#.#.###.c.######
...%......#.# ##.##
.##.##......# #.#
........... # #.#
....##.####? ..# ##### #.#
#..


You could see a centaur.

Vanquished Creatures
  Natasha (D:2)
  An adder (D:2)
  An ooze (D:3)
  A dart slug (D:1)
  A leopard gecko (D:3)
  A giant cockroach (D:1)
  5 goblins (D:1)
  5 hobgoblins
  5 jackals
  11 bats
  A frilled lizard (D:1)
  7 rats
40 creatures vanquished.

Notes
Turn   | Place    | Note
-------+----------+-------------------------------------------
     0 | D:1      | inc the Octopode Ice Elementalist began the quest for the Orb.
     0 | D:1      | Reached XP level 1. HP: 11/11 MP: 3/3
   212 | D:1      | Reached XP level 2. HP: 12/17 MP: 5/5
   552 | D:1      | Reached skill level 4 in Ice Magic
   635 | D:1      | Reached XP level 3. HP: 21/21 MP: 4/6
  1019 | D:2      | Found a blossoming altar of Fedhas.
  1028 | D:2      | Noticed Robin
  1121 | D:2      | Noticed Natasha
  1131 | D:2      | Killed Natasha
  1303 | D:2      | Found a runed door.
  1382 | D:2      | Reached XP level 4. HP: 23/27 MP: 4/7
  1563 | D:3      | Found a bloodstained altar of Trog.
  1571 | D:3      | Reached skill level 5 in Ice Magic
  1663 | D:3      | Found a snail-covered altar of Cheibriados.
  1665 | D:3      | Noticed a centaur
  1679 | D:3      | Slain by a centaur

Skill      XL: |  1  2  3  4 |
---------------+-------------+-----
Ice Magic      | 4 5 |  5.1
Dodging        | |  2.0
Stealth        | |  2.6
Spellcasting   | |  2.0
Conjurations   | |  1.0

Action                   |  1- 3 |  4- 6 || total
-------------------------+-------+-------++-------
Melee: Unarmed           |    38 |     9 ||    47
       Constrict         |    13 |     1 ||    14
       Tentacles         |    10 |       ||    10
 Cast: Freeze            |    29 |    21 ||    50
  Use: Potion            |       |     1 ||     1
 Stab: Sleeping          |     5 |     1 ||     6
  Eat: Chunk             |     2 |     1 ||     3
Armor: Skin              |    13 |       ||    13
Dodge: Dodged            |    45 |    22 ||    67
